Construct Light Support Kompanie
Selects L6/40 Light Tank Combat Group
L6/40 Light Tank Combat Group
Panzerjäger Mechanized Group
Construct Mechanized Kompanie
Selects Defensive Operations
Panzerjäger Mechanized Group
18-tonne Recovery Half-track
Selects Territory Booby Traps
Selects Obice 305mm Barrage
Construct Panzerarmee Kommand
Panzerjäger Mechanized Group
Selects Towed Cannone da 105/28 Field Howitzer
Flak 36 Anti-tank Gun Team
Panzerjäger Mechanized Group
Marder III Tank Destroyer
Panzerjäger Mechanized Group
Flak 36 Anti-tank Gun Team